[Event "December 19 Late 2023"]
[Site "https://www.chess.com"]
[Date "2023.12.19"]
[Round "7"]
[White "Reprintsev, Alexander"]
[Black "Polster, Christian"]
[Result "0-1"]
[Board "86"]
[TimeControl "180+1"]
[WhiteFideId "14100541"]
[BlackFideId "12965081"]
[WhiteElo "2229"]
[BlackElo "2141"]
[WhiteTeam "UKR"]
[BlackTeam "GER"]
[WhiteClock "0:00:13"]
[BlackClock "0:00:06"]

1. e4 c6 2. Nc3 d5 3. Nf3 dxe4 4. Nxe4 Nf6 5. Qe2 Nxe4 6. Qxe4 Qd5 7. Qf4 Qf5 8. Qe3 Nd7 9. Bd3 Qc5 10. O-O e6 11. b3 Be7 12. Bb2 O-O 13. Rae1 Qxe3 14. fxe3 b5 15. Nd4 Bb7 16. e4 Nc5 17. Rf3 Nxd3 18. Rxd3 Rfd8 19. Ne2 Rxd3 20. cxd3 Rd8 21. Nc1 c5 22. Kf2 Bg5 23. Ke2 b4 24. Be5 f6 25. Bg3 e5 26. Bf2 Rc8 27. Be3 Bxe3 28. dxe3 Kf7 29. Rd1 Ke6 30. Rd2 a5 31. Rc2 Ba6 32. Ke1 Kd6 33. d4 exd4 34. exd4 Rc7 35. dxc5+ Rxc5 36. Rxc5 Kxc5 37. Kf2 Kd4 38. Kf3 Kc3 39. g4 Kb2 40. Ne2 Bxe2+ 41. Kxe2 Kxa2 42. g5 Kxb3 43. h4 a4 44. h5 h6 45. gxh6 gxh6 0-1

[Event "December 19 Late 2023"]
[Site "https://www.chess.com"]
[Date "2023.12.19"]
[Round "7"]
[White "Romero Ruscalleda, Josep"]
[Black "Pham, Le Thao Nguyen"]
[Result "0-1"]
[Board "87"]
[TimeControl "180+1"]
[WhiteFideId "2231859"]
[BlackFideId "12401226"]
[WhiteElo "2200"]
[BlackElo "2261"]
[WhiteTeam "ESP"]
[BlackTeam "VIE"]
[WhiteClock "0:00:02"]
[BlackClock "0:00:23"]

1. e4 c6 2. Nc3 d5 3. Nf3 dxe4 4. Nxe4 Nf6 5. Qe2 Nxe4 6. Qxe4 Qa5 7. Bc4 Bf5 8. Qf4 e6 9. O-O Be7 10. d3 Nd7 11. Bd2 Qd8 12. Bc3 O-O 13. Nd4 Bg6 14. Qg3 Nb6 15. Bb3 Nd5 16. Bd2 a5 17. a3 a4 18. Ba2 Bf6 19. c3 Bxd4 20. cxd4 Qf6 21. Bc3 Rfd8 22. f4 Bf5 23. Rae1 h5 24. Re5 h4 25. Qf3 Qg6 26. Bb1 h3 27. g3 Nf6 28. Rfe1 Rd7 29. Qd1 Ng4 30. R5e2 Qh6 31. Rd2 Qg6 32. Qf3 Nf6 33. Qf2 Bg4 34. Rc1 Nd5 35. Qe1 Qf6 36. Qe5 Qd8 37. Rf2 Bf5 38. Re1 Nf6 39. Qe3 Ng4 40. Qe2 Rxd4 41. Bxd4 Qxd4 42. Kf1 Nxf2 43. Qxf2 Bxd3+ 44. Bxd3 Qxd3+ 45. Kg1 Rd8 46. Qb6 Qd4+ 47. Qxd4 Rxd4 48. Re2 Kf8 49. Kf2 g6 50. Ke3 Rd5 51. Rc2 Ke7 52. Ke4 Kd6 53. Kf3 f5 54. Ke3 b5 55. Re2 c5 56. Rc2 c4 57. Kf2 e5 58. fxe5+ Rxe5 59. Kf3 g5 60. Rd2+ Rd5 61. Re2 Rd3+ 62. Kf2 Rb3 63. Rc2 Kd5 64. Ke2 Kc5 65. Kf2 f4 66. Ke2 f3+ 67. Kf2 g4 68. Rd2 b4 69. axb4+ Kxb4 70. Kg1 a3 71. bxa3+ Kxa3 72. Kf2 c3 73. Rd8 c2 74. Ra8+ Kb2 75. Rc8 c1=Q 76. Rxc1 Kxc1 77. Kf1 Rb2 78. Kg1 Kd1 79. Kh1 Re2 80. Kg1 Re1+ 81. Kf2 Rh1 82. Ke3 Rxh2 0-1

[Event "December 19 Late 2023"]
[Site "https://www.chess.com"]
[Date "2023.12.19"]
[Round "7"]
[White "Rama, Tejas"]
[Black "Silvestre, Christian"]
[Result "1-0"]
[Board "88"]
[TimeControl "180+1"]
[WhiteFideId "30907381"]
[BlackFideId "30956269"]
[WhiteElo "2089"]
[BlackElo "2276"]
[WhiteTeam "USA"]
[BlackTeam "USA"]
[WhiteClock "0:00:26"]
[BlackClock "0:00:00"]

1. d4 e5 2. dxe5 Nc6 3. Nf3 Qe7 4. Nc3 Nxe5 5. Bf4 Nxf3+ 6. gxf3 d6 7. Qd2 Nf6 8. O-O-O Be6 9. e4 O-O-O 10. Qe3 Kb8 11. Nb5 b6 12. Qa3 a5 13. Nd4 Bd7 14. Bc4 Nh5 15. Be3 c5 16. Nb5 Bxb5 17. Bxb5 Qc7 18. Rd3 Be7 19. Rhd1 Bf6 20. Bc4 Be5 21. Rb3 Ka7 22. Bd5 Nf4 23. Rb5 Ne2+ 24. Kb1 Nd4 25. Rxd4 Bxd4 26. Bd2 Qd7 27. Rxa5+ bxa5 28. Qxa5+ Kb8 29. Qa8+ 1-0

[Event "December 19 Late 2023"]
[Site "https://www.chess.com"]
[Date "2023.12.19"]
[Round "7"]
[White "Chemin, Justo Reinaldo"]
[Black "Kepeshchuk, Mykhaylo"]
[Result "1-0"]
[Board "89"]
[TimeControl "180+1"]
[WhiteFideId "2101580"]
[BlackFideId "14113139"]
[WhiteElo "1940"]
[BlackElo "2279"]
[WhiteTeam "BRA"]
[BlackTeam "UKR"]
[WhiteClock "0:00:02"]
[BlackClock "0:00:00"]

1. d4 Nf6 2. c4 c5 3. Nf3 cxd4 4. Nxd4 g6 5. Nc3 Bg7 6. e3 O-O 7. Be2 Nc6 8. O-O d6 9. b3 Bd7 10. Bb2 Qa5 11. a3 Rfc8 12. b4 Qd8 13. Rc1 Ne5 14. Nd5 a6 15. Qb3 Nxd5 16. cxd5 Qb6 17. f4 Ng4 18. Bxg4 Bxg4 19. h3 Bd7 20. a4 h5 21. a5 Qa7 22. Qd3 b6 23. f5 Bxf5 24. Nxf5 Bxb2 25. axb6 Qb7 26. Rb1 Bf6 27. Ng3 Qxb6 28. Ne4 Bg7 29. Ng5 Rc3 30. Qe4 Rxe3 31. Qf4 Rf3+ 32. Kh1 Rxf4 33. Rxf4 1-0

[Event "December 19 Late 2023"]
[Site "https://www.chess.com"]
[Date "2023.12.19"]
[Round "7"]
[White "Travadon, Loic"]
[Black "Yashmetov, Mikhail"]
[Result "0-1"]
[Board "90"]
[TimeControl "180+1"]
[WhiteFideId "26092131"]
[BlackFideId "24198900"]
[WhiteElo "2406"]
[BlackElo "2220"]
[WhiteTeam "FRA"]
[BlackTeam "RUS"]
[WhiteClock "0:00:06"]
[BlackClock "0:01:19"]

1. e4 c6 2. Nf3 d5 3. d3 dxe4 4. dxe4 Qxd1+ 5. Kxd1 f6 6. Bc4 e5 7. Ke2 b5 8. Bb3 c5 9. c4 b4 10. Ba4+ Bd7 11. Bxd7+ Kxd7 12. Rd1+ Ke6 13. b3 Nc6 14. Be3 Nd4+ 15. Bxd4 cxd4 16. Kd3 Nh6 17. h3 Nf7 18. a3 bxa3 19. Nxa3 Nd6 20. b4 Nb7 21. Rdb1 Be7 22. Nb5 Kd7 23. c5 a6 24. Na3 a5 25. Nc4 Bd8 26. Nfd2 Bc7 27. Nb6+ Bxb6 28. cxb6 axb4 29. Rxa8 Rxa8 30. Rxb4 Ra3+ 31. Kc4 Kc6 32. Nb3 h5 33. g4 h4 34. f3 g5 35. Kd3 Rxb3+ 36. Rxb3 Nc5+ 37. Kc4 Nxb3 38. Kxb3 Kxb6 39. Kb4 Kc7 40. Kb3 Kd6 41. Kb4 Kc6 42. Kc4 Kb6 43. Kb4 Ka7 44. Kb3 Kb7 45. Kb4 Kb6 46. Kc4 Ka5 47. Kd5 d3 48. Ke6 d2 49. Kxf6 d1=Q 50. Kxe5 Qxf3 51. Kd5 Qxh3 52. e5 Qxg4 0-1

[Event "December 19 Late 2023"]
[Site "https://www.chess.com"]
[Date "2023.12.19"]
[Round "7"]
[White "Azali, Tannaz"]
[Black "UnTucopalaTimba"]
[Result "1-0"]
[Board "91"]
[TimeControl "180+1"]
[WhiteFideId "12537721"]
[WhiteElo "1828"]
[BlackElo "2220"]
[WhiteTeam "IRI"]
[WhiteClock "0:01:10"]
[BlackClock "0:00:31"]

1. Nf3 d5 2. g3 Nf6 3. Bg2 c5 4. O-O Nc6 5. c4 e6 6. Nc3 dxc4 7. Qa4 Be7 8. Qxc4 O-O 9. d3 a6 10. Bg5 h6 11. Bxf6 gxf6 12. a4 Kg7 13. Rad1 Qb6 14. Qg4+ Kh7 15. Rb1 f5 16. Qh5 Bf6 17. e4 Bd7 18. exf5 exf5 19. Nd5 Qd8 20. Rbc1 Bxb2 21. Rxc5 Be6 22. Nf4 Ba3 23. Rxf5 Bxf5 24. Qxf5+ Kh8 25. h4 Bd6 26. Ng5 hxg5 27. Be4 Kg7 28. Nh5+ Kg8 29. Qh7# 1-0

[Event "December 19 Late 2023"]
[Site "https://www.chess.com"]
[Date "2023.12.19"]
[Round "7"]
[White "Kovacsy, Barnabas"]
[Black "Vargas Rodriguez, Wilver"]
[Result "0-1"]
[Board "92"]
[TimeControl "180+1"]
[WhiteFideId "769290"]
[BlackFideId "3509672"]
[WhiteElo "2130"]
[BlackElo "2210"]
[WhiteTeam "HUN"]
[BlackTeam "CUB"]
[WhiteClock "0:00:19"]
[BlackClock "0:00:04"]

1. e4 e6 2. d4 d5 3. exd5 exd5 4. Nf3 Nf6 5. Bd3 Be7 6. O-O O-O 7. Bf4 Bg4 8. h3 Bh5 9. c3 Nbd7 10. Nbd2 c6 11. Qc2 Bg6 12. Bxg6 hxg6 13. Rfe1 Re8 14. Ne5 Nxe5 15. Bxe5 Bd6 16. Bxf6 gxf6 17. Nf3 Qd7 18. Qd2 Kg7 19. Rxe8 Rxe8 20. Re1 Re4 21. Re2 Qe6 22. Kf1 b5 23. Qd3 Bf4 24. b3 f5 25. Ne1 a5 26. a4 b4 27. cxb4 axb4 28. f3 Rxe2 29. Qxe2 Be3 30. Nc2 f4 31. a5 c5 32. dxc5 d4 33. a6 Qxb3 34. Ne1 Qb1 35. Qd3 Qc1 36. Qc2 Qa1 37. Qd3 b3 38. c6 b2 39. c7 Qc1 40. a7 Bd2 41. Qxd2 Qxd2 42. c8=Q b1=Q 43. Qe8 Qdd3+ 44. Kf2 Qe3+ 45. Qxe3 dxe3+ 46. Ke2 Qa2+ 47. Kd3 Qxa7 48. Ke4 Qe7+ 49. Kxf4 e2 50. Kg3 Qe3 51. Nd3 Qxd3 52. Kg4 Qd2 53. f4 f5+ 54. Kg5 e1=Q 55. h4 Qg3# 0-1

[Event "December 19 Late 2023"]
[Site "https://www.chess.com"]
[Date "2023.12.19"]
[Round "7"]
[White "Figorito, Nick"]
[Black "Hamidi, Amir Mohammad"]
[Result "1/2-1/2"]
[Board "93"]
[TimeControl "180+1"]
[WhiteFideId "30923689"]
[BlackFideId "12563285"]
[WhiteElo "2410"]
[BlackElo "2217"]
[WhiteTeam "USA"]
[BlackTeam "IRI"]
[WhiteClock "0:01:30"]
[BlackClock "0:01:30"]

1. Nf3 Nf6 2. g3 g6 3. Bg2 Bg7 4. O-O O-O 5. c4 d5 6. d4 Nc6 7. b3 Ne4 8. Bb2 Bf5 9. cxd5 Qxd5 10. Nh4 Qd7 11. Nxf5 Qxf5 12. Nc3 Nxc3 13. Bxc3 Rad8 14. Bxc6 bxc6 15. e3 c5 16. Qe2 cxd4 17. Bxd4 Bxd4 18. exd4 e6 19. Rac1 Qa5 20. Rc4 Rd7 21. Rfc1 Rfd8 22. Qe5 Qxe5 23. dxe5 Rd1+ 24. Kg2 Rxc1 25. Rxc1 Rd7 26. Rc6 1/2-1/2

[Event "December 19 Late 2023"]
[Site "https://www.chess.com"]
[Date "2023.12.19"]
[Round "7"]
[White "Adewumi, Tanitoluwa"]
[Black "Nunez V, Gustavo Eduardo"]
[Result "1-0"]
[Board "94"]
[TimeControl "180+1"]
[WhiteFideId "30966396"]
[BlackFideId "4403690"]
[WhiteElo "2325"]
[BlackElo "2167"]
[WhiteTeam "USA"]
[BlackTeam "COL"]
[WhiteClock "0:00:15"]
[BlackClock "0:00:15"]

1. Nf3 Nf6 2. b3 b6 3. Bb2 Bb7 4. g3 g6 5. Bg2 Bg7 6. O-O O-O 7. c4 c5 8. Nc3 Na6 9. d4 cxd4 10. Nxd4 Bxg2 11. Kxg2 Nc5 12. f3 d5 13. Nc6 Qd6 14. cxd5 e6 15. Qd4 Nxd5 16. Qxg7+ Kxg7 17. Ne4+ f6 18. Nxd6 Ne3+ 19. Kf2 Nxf1 20. Rxf1 e5 21. Rd1 a5 22. Ba3 h5 23. h4 Ne6 24. Ke3 Ra6 25. Nb5 Rf7 26. Nd8 Nxd8 27. Rxd8 a4 28. b4 Re7 29. Bb2 a3 30. Bc3 Kf7 31. Kd3 Ke6 32. Rd6+ Kf7 33. Rd8 Ke6 34. Kc4 Rd7 35. Rxd7 Kxd7 36. Kb3 Kc6 37. Nxa3 b5 38. Nc2 Kd5 39. Ne3+ Kc6 40. a3 Ra8 41. Bb2 Rd8 42. Bc3 Re8 43. a4 g5 44. axb5+ Kxb5 45. Nd5 Rf8 46. e4 gxh4 47. gxh4 Kc6 48. Kc4 Kd6 49. b5 Ke6 50. Bb4 Rc8+ 51. Bc5 f5 52. b6 fxe4 53. fxe4 Kd7 54. Kb5 Rb8 55. Ka6 Kc6 56. Ka7 Rb7+ 57. Ka8 Rh7 58. Be3 Rh8+ 59. Ka7 Rh7+ 60. Nc7 Rf7 61. Ka6 Rf8 62. Nb5 Ra8+ 63. Na7+ Kd6 64. b7 Rg8 65. Kb6 Kd7 66. Nc6 Rg6 67. b8=Q Rxc6+ 68. Kb7 Rc3 69. Qxe5 Rb3+ 70. Ka6 Rxe3 71. Qd4+ Ke6 72. Qxe3 Ke5 73. Qg5+ Kxe4 74. Qxh5 Kf4 75. Qg5+ Ke4 76. h5 Kf3 77. h6 Ke4 78. h7 Kf3 79. h8=R Ke4 80. Rh4+ Kd3 81. Rf4 Ke2 82. Qg3 Kd1 83. Rf2 Kc1 84. Qg1# 1-0

[Event "December 19 Late 2023"]
[Site "https://www.chess.com"]
[Date "2023.12.19"]
[Round "7"]
[White "Bardyk, Artem"]
[Black "Dwilewicz, Katarzyna"]
[Result "1-0"]
[Board "95"]
[TimeControl "180+1"]
[WhiteFideId "34349979"]
[BlackFideId "1148486"]
[WhiteElo "2300"]
[BlackElo "2098"]
[WhiteTeam "RUS"]
[BlackTeam "POL"]
[WhiteClock "0:01:21"]
[BlackClock "0:00:00"]

1. e4 c5 2. c3 d5 3. exd5 Qxd5 4. d4 Nf6 5. Nf3 e6 6. Na3 Nc6 7. Be3 Be7 8. Nb5 Qd8 9. dxc5 Nd5 10. Qd2 Nxe3 11. Qxe3 O-O 12. Rd1 Qa5 13. Bc4 a6 14. Nd6 Qc7 15. O-O Bd7 16. Rd2 Na5 17. Bd3 g6 18. Rfd1 Rad8 19. b4 Nc6 20. Be4 f5 21. Bc2 Bf6 22. Bb3 Kg7 23. Bxe6 Bxe6 24. Qxe6 Qe7 25. Qxe7+ Nxe7 26. Nd4 Bxd4 27. Rxd4 Nc6 28. R4d2 Rb8 29. a4 Kf6 30. b5 axb5 31. axb5 Ne5 32. f4 Nf7 33. Nxf7 Rxf7 34. Rd6+ Kg7 35. Rd7 Rf8 36. Kf2 Kf6 37. R1d6+ Kg7 38. Ke3 Rc8 39. Kd4 Kf8 40. Rxf7+ Kxf7 41. Rd7+ Ke6 42. Rxb7 Rd8+ 43. Kc4 Rd2 44. c6 Rxg2 45. Rxh7 Kd6 46. c7 1-0

[Event "December 19 Late 2023"]
[Site "https://www.chess.com"]
[Date "2023.12.19"]
[Round "7"]
[White "ajian"]
[Black "WoolworthsManly"]
[Result "0-1"]
[Board "96"]
[TimeControl "180+1"]
[WhiteElo "2402"]
[BlackElo "2662"]
[WhiteClock "0:00:01"]
[BlackClock "0:01:00"]

1. d4 Nf6 2. c4 d6 3. Nf3 Bg4 4. Nc3 Nbd7 5. e4 e5 6. Be2 Bxf3 7. Bxf3 exd4 8. Qxd4 g6 9. O-O Bg7 10. Qd1 O-O 11. Be3 Re8 12. Qc2 a5 13. Be2 c6 14. Rad1 Qc7 15. f3 Rad8 16. Qd2 Nc5 17. Bd4 Nh5 18. Bxg7 Nxg7 19. Qd4 Qe7 20. Rfe1 Qe5 21. Qe3 f5 22. f4 Qe7 23. e5 dxe5 24. fxe5 Rxd1 25. Bxd1 Nge6 26. a3 Rd8 27. Bc2 Kg7 28. b4 axb4 29. axb4 Na6 30. Qb6 Qxb4 31. Qxb4 Nxb4 32. Bb3 Rd3 33. Rc1 Nd4 34. Bd1 Kf7 35. Rb1 Rxc3 36. Rxb4 Rc1 37. Rxb7+ Ke6 38. Kf2 Rxd1 39. Rxh7 Kxe5 40. Rg7 Rd2+ 41. Ke3 Rxg2 42. Rf7 Ne6 0-1

[Event "December 19 Late 2023"]
[Site "https://www.chess.com"]
[Date "2023.12.19"]
[Round "7"]
[White "Chaika, Vitalii"]
[Black "Carrasco Miranda, Andres"]
[Result "1-0"]
[Board "97"]
[TimeControl "180+1"]
[WhiteFideId "14111802"]
[BlackFideId "3405990"]
[WhiteElo "2010"]
[BlackElo "2183"]
[WhiteTeam "UKR"]
[BlackTeam "CHI"]
[WhiteClock "0:01:42"]
[BlackClock "0:00:31"]

1. d4 Nf6 2. Bf4 g6 3. e3 Bg7 4. h3 O-O 5. Nf3 d6 6. Be2 b6 7. O-O Bb7 8. a4 a6 9. c3 Nbd7 10. Nbd2 Ne4 11. Nxe4 Bxe4 12. Qb3 Bb7 13. Bh2 e5 14. a5 b5 15. c4 c6 16. Rfd1 Qe7 17. Qa3 e4 18. Bxd6 exf3 19. Bxe7 fxe2 20. Re1 Rfe8 21. Rxe2 bxc4 22. Bd6 Nf6 23. Qb4 Bc8 24. Rc2 Be6 25. Qb6 Bd5 26. Rac1 Ne4 27. Bh2 f5 28. Rxc4 Bxc4 29. Rxc4 Rad8 30. Rxc6 Nf6 31. Rxf6 1-0

[Event "December 19 Late 2023"]
[Site "https://www.chess.com"]
[Date "2023.12.19"]
[Round "7"]
[White "Zhukov, Maksim"]
[Black "Ibadov, Dashgyn"]
[Result "1/2-1/2"]
[Board "98"]
[TimeControl "180+1"]
[WhiteFideId "34181790"]
[BlackFideId "24107514"]
[WhiteElo "1925"]
[BlackElo "2183"]
[WhiteTeam "RUS"]
[BlackTeam "FID"]
[WhiteClock "0:00:06"]
[BlackClock "0:00:06"]

1. e4 e5 2. Nf3 Nc6 3. d4 exd4 4. Bc4 Bc5 5. c3 Nf6 6. cxd4 Bb4+ 7. Bd2 Nxe4 8. Bxb4 Nxb4 9. Qe2 d5 10. Bxd5 Nxd5 11. Qxe4+ Be6 12. O-O O-O 13. Nc3 Nxc3 14. bxc3 Qd5 15. Qxd5 Bxd5 16. Ne5 f6 17. c4 Be6 18. d5 fxe5 19. dxe6 Rae8 20. Rab1 b6 21. Rbe1 Rxe6 22. f4 Rfe8 23. fxe5 Rxe5 24. Rd1 g6 25. Rd7 R8e7 26. Rd4 Kg7 27. h4 Re2 28. Rf2 R2e4 29. Rfd2 Rxd4 30. Rxd4 c5 31. Rd6 Re4 32. Rd7+ Kh6 33. Rxa7 Rxc4 34. Rb7 Rb4 35. a3 Rb1+ 36. Kh2 c4 37. g4 c3 38. Kg3 Rg1+ 39. Kf3 Rf1+ 40. Kg3 g5 41. Rxb6+ Kg7 42. Rc6 Rg1+ 43. Kh2 Rxg4 44. hxg5 Rxg5 45. Rc7+ Kg6 46. Rxc3 Re5 47. Rg3+ Kf5 48. Rf3+ Ke4 49. Kg3 Rg5+ 50. Kf2 Rh5 51. Rg3 Rh2+ 52. Rg2 Rxg2+ 53. Kxg2 Kd3 54. a4 Kc4 55. a5 Kb5 56. a6 Kxa6 57. Kg3 h5 58. Kh4 Ka7 59. Kxh5 1/2-1/2

[Event "December 19 Late 2023"]
[Site "https://www.chess.com"]
[Date "2023.12.19"]
[Round "7"]
[White "Kovalevsky, Stanislav"]
[Black "Molenda, Marcin"]
[Result "1-0"]
[Board "99"]
[TimeControl "180+1"]
[WhiteFideId "13508598"]
[BlackFideId "1173065"]
[WhiteElo "2043"]
[BlackElo "2286"]
[WhiteTeam "FID"]
[BlackTeam "POL"]
[WhiteClock "0:00:19"]
[BlackClock "0:00:00"]

1. e4 e5 2. Bc4 Nf6 3. Nc3 Nc6 4. d3 Na5 5. Bb3 Nxb3 6. axb3 d5 7. exd5 Nxd5 8. Nf3 f6 9. h3 Bb4 10. Bd2 O-O 11. Nxd5 Bxd2+ 12. Qxd2 Qxd5 13. O-O Bxh3 14. Ra5 Qc6 15. Qe3 Bg4 16. Nh2 Bf5 17. Rc5 Qd7 18. Ra1 b6 19. Rc4 c5 20. b4 Be6 21. Rh4 cxb4 22. Qe4 Bf5 23. Qxb4 Rac8 24. Rc4 Rxc4 25. Qxc4+ Be6 26. Qa4 Qxa4 27. Rxa4 a5 28. b4 Bd7 29. Ra2 axb4 30. Rb2 Rc8 31. Nf1 Ba4 32. Rxb4 Bxc2 33. Rxb6 Bxd3 34. Ne3 Bg6 35. Nd5 Re8 36. Rd6 Bf7 37. Ne3 Be6 38. Kh2 Kf7 39. Rb6 Re7 40. g4 g6 41. Kg3 f5 42. gxf5 gxf5 43. Kh4 f4 44. Ng4 Bxg4 45. Kxg4 Re6 46. Rb8 Rf6 47. Rh8 Kg7 48. Re8 Rg6+ 49. Kf5 Rg2 50. f3 1-0

[Event "December 19 Late 2023"]
[Site "https://www.chess.com"]
[Date "2023.12.19"]
[Round "7"]
[White "Serban, Cristian-Stefan"]
[Black "Skibbe, Willi"]
[Result "1/2-1/2"]
[Board "100"]
[TimeControl "180+1"]
[WhiteFideId "1241443"]
[BlackFideId "4682190"]
[WhiteElo "2040"]
[BlackElo "2375"]
[WhiteTeam "ROU"]
[BlackTeam "GER"]
[WhiteClock "0:00:04"]
[BlackClock "0:00:51"]

1. Nf3 d5 2. b3 Nf6 3. Bb2 Bf5 4. e3 h6 5. c4 e6 6. Nc3 c6 7. d4 Nbd7 8. Bd3 Bxd3 9. Qxd3 Bd6 10. O-O O-O 11. e4 dxe4 12. Nxe4 Nxe4 13. Qxe4 Nf6 14. Qe2 Qc7 15. Rfd1 Rad8 16. Rac1 c5 17. h3 cxd4 18. Bxd4 Be7 19. Qe3 b6 20. Ne5 Bc5 21. Bxc5 bxc5 22. Nd3 Rc8 23. Rd2 Rfd8 24. Rcd1 g5 25. h4 Ng4 26. Qh3 f5 27. hxg5 hxg5 28. Qh5 Qg7 29. g3 Qh6 30. Qxh6 Nxh6 31. Ne5 Rxd2 32. Rxd2 Rc7 33. Rd8+ Kg7 34. Rd7+ Rxd7 35. Nxd7 f4 36. gxf4 gxf4 37. Nxc5 Kf6 38. f3 Ke5 39. Nd3+ Kf5 40. c5 e5 41. c6 Nf7 42. b4 Ke6 43. b5 Kd6 44. a4 Kc7 45. Kf2 Kb6 46. Ke2 a6 47. bxa6 Kxc6 48. Nb4+ Kb6 49. a5+ Ka7 50. Kd3 Nd6 51. Nc6+ Kxa6 52. Nxe5 Kxa5 53. Ng6 Nf7 54. Nxf4 Ne5+ 55. Ke3 Nxf3 1/2-1/2

[Event "December 19 Late 2023"]
[Site "https://www.chess.com"]
[Date "2023.12.19"]
[Round "7"]
[White "Rose, Felix"]
[Black "Bru Rullo, Llatzer"]
[Result "1-0"]
[Board "101"]
[TimeControl "180+1"]
[WhiteFideId "5105722"]
[BlackFideId "22219668"]
[WhiteElo "2039"]
[BlackElo "2190"]
[WhiteTeam "MEX"]
[BlackTeam "ESP"]
[WhiteClock "0:02:26"]
[BlackClock "0:01:28"]

1. e4 c5 2. Nf3 e6 3. d4 cxd4 4. Nxd4 d6 5. Nc3 Nf6 6. Be3 a6 7. f3 b5 8. a4 b4 9. Na2 d5 10. e5 Nfd7 11. f4 Bb7 12. Qd2 Nc5 13. Bd3 a5 14. O-O Be7 15. Bb5+ Nbd7 16. b3 Rc8 17. f5 Ne4 18. Qe2 exf5 19. e6 1-0

[Event "December 19 Late 2023"]
[Site "https://www.chess.com"]
[Date "2023.12.19"]
[Round "7"]
[White "Argandona Riveiro, Inigo"]
[Black "Jesusesmifuerza"]
[Result "0-1"]
[Board "102"]
[TimeControl "180+1"]
[WhiteFideId "2212072"]
[WhiteElo "2391"]
[BlackElo "2182"]
[WhiteTeam "ESP"]
[WhiteClock "0:00:00"]
[BlackClock "0:00:13"]

1. Nf3 d5 2. c4 c6 3. d4 Nf6 4. e3 e6 5. b3 b6 6. Bb2 Bb7 7. Nbd2 Bd6 8. Bd3 Nbd7 9. O-O O-O 10. Ne5 Qe7 11. a3 Rfe8 12. f4 Nf8 13. Qf3 N6d7 14. b4 f6 15. Nxd7 Qxd7 16. c5 bxc5 17. dxc5 Bc7 18. e4 e5 19. fxe5 fxe5 20. Qg3 Rad8 21. Rad1 Ng6 22. Nc4 Ba6 23. exd5 cxd5 24. Bxg6 hxg6 25. Nxe5 Bxe5 26. Bxe5 Bxf1 27. Rxf1 Rf8 28. Rd1 Qe6 29. Bd6 Rf5 30. Qd3 Rd7 31. h3 Rdf7 32. a4 Rf2 33. Qxd5 Qe2 34. b5 Kh7 35. Bg3 R7f5 0-1

[Event "December 19 Late 2023"]
[Site "https://www.chess.com"]
[Date "2023.12.19"]
[Round "7"]
[White "Xie, Bryan"]
[Black "Sokolov, Andrei"]
[Result "1-0"]
[Board "103"]
[TimeControl "180+1"]
[WhiteFideId "30941296"]
[BlackFideId "11600306"]
[WhiteElo "2033"]
[BlackElo "2473"]
[WhiteTeam "USA"]
[BlackTeam "LAT"]
[WhiteClock "0:00:59"]
[BlackClock "0:00:02"]

1. e4 e5 2. Nf3 Nc6 3. d4 exd4 4. Nxd4 Nf6 5. Nc3 Bb4 6. Nxc6 bxc6 7. Bd3 O-O 8. O-O d5 9. Bd2 Bxc3 10. Bxc3 Nxe4 11. Bxe4 dxe4 12. Qe2 Qh4 13. Qc4 Bb7 14. Rfe1 c5 15. Qxc5 Qg4 16. Qxc7 Bd5 17. Rad1 Rad8 18. Qe5 Bb7 19. Rxd8 Rxd8 20. Qe7 Rb8 21. Be5 e3 22. Bg3 exf2+ 23. Kxf2 Qf5+ 24. Kg1 Rf8 25. Bd6 Qxc2 26. Qxf8# 1-0

[Event "December 19 Late 2023"]
[Site "https://www.chess.com"]
[Date "2023.12.19"]
[Round "7"]
[White "Mizzi, Jack"]
[Black "Navyblue1"]
[Result "1-0"]
[Board "104"]
[TimeControl "180+1"]
[WhiteFideId "5602521"]
[WhiteElo "2127"]
[BlackElo "2150"]
[WhiteTeam "MLT"]
[WhiteClock "0:00:43"]
[BlackClock "0:00:34"]

1. d4 Nf6 2. c4 g6 3. g3 Bg7 4. Bg2 O-O 5. Nf3 d6 6. O-O c6 7. Nc3 Qb6 8. e4 Qa6 9. Nd2 e5 10. d5 cxd5 11. exd5 Nbd7 12. Nb5 Qb6 13. a4 a6 14. a5 Qc5 15. b4 Qxb4 16. Ra4 Qc5 17. Ba3 axb5 18. Bxc5 bxa4 19. Bxd6 Re8 20. Qxa4 b6 21. Qc6 Rxa5 22. Rb1 Ra7 23. Ne4 Bb7 24. Nxf6+ Bxf6 25. Qxd7 Rea8 26. Qb5 Ba6 27. Qb4 Rb7 28. h4 Rc8 29. Bf1 h5 30. Re1 Re8 31. Qa4 Rd8 32. Qxa6 Rbd7 33. Bb4 Rb8 34. Bc3 b5 35. Qxf6 b4 36. Bxe5 1-0

[Event "December 19 Late 2023"]
[Site "https://www.chess.com"]
[Date "2023.12.19"]
[Round "7"]
[White "Lutz, Igor Oscar"]
[Black "Guerra Tulcan, Lenin"]
[Result "0-1"]
[Board "105"]
[TimeControl "180+1"]
[WhiteFideId "2110806"]
[BlackFideId "3601382"]
[WhiteElo "2106"]
[BlackElo "2368"]
[WhiteTeam "BRA"]
[BlackTeam "ECU"]
[WhiteClock "0:00:06"]
[BlackClock "0:00:18"]

1. d4 Nf6 2. c4 c5 3. d5 b5 4. cxb5 a6 5. b6 d6 6. Nc3 Nbd7 7. Nf3 g6 8. a4 Qxb6 9. e4 Bg7 10. Qc2 O-O 11. Bg5 Rb8 12. Rb1 Qb4 13. Bd3 c4 14. Be2 Nc5 15. Bd2 Bd7 16. O-O Qb3 17. Bd1 Qxc2 18. Bxc2 Rb7 19. Rfe1 Rfb8 20. Bc1 Ng4 21. Ne2 Bxb2 22. h3 Ne5 23. Nxe5 dxe5 24. Bxb2 Rxb2 25. Rec1 Rxb1 26. Rxb1 Rxb1+ 27. Bxb1 Nxa4 28. Ba2 Bb5 29. Nc1 Nc5 30. f3 Kf8 31. Kf2 f5 32. Ke3 f4+ 33. Kd2 Nd3 34. Nxd3 cxd3 35. Kc3 Ke8 36. Bb3 Kd7 37. Kb4 Kd6 38. Ka5 d2 39. Bd1 Kc5 40. Bc2 Kd4 41. Bd1 Ke3 42. Kb6 Be2 43. Bxe2 Kxe2 44. Kc7 d1=Q 45. Kd7 a5 46. Kxe7 a4 47. d6 a3 48. d7 a2 49. d8=Q Qxd8+ 50. Kxd8 a1=Q 0-1

[Event "December 19 Late 2023"]
[Site "https://www.chess.com"]
[Date "2023.12.19"]
[Round "7"]
[White "Gerbelli Neto, Eduardo"]
[Black "Stojanovski, Sandi"]
[Result "0-1"]
[Board "106"]
[TimeControl "180+1"]
[WhiteFideId "2103281"]
[BlackFideId "1403249"]
[WhiteElo "2178"]
[BlackElo "2507"]
[WhiteTeam "BRA"]
[BlackTeam "DEN"]
[WhiteClock "0:00:00"]
[BlackClock "0:00:06"]

1. e4 d6 2. Nc3 Nf6 3. f4 g6 4. Nf3 Bg7 5. Bc4 O-O 6. d3 c6 7. Bb3 b5 8. O-O a5 9. a3 Na6 10. f5 Nc5 11. fxg6 hxg6 12. Ba2 d5 13. e5 Ng4 14. d4 b4 15. Nxd5 b3 16. dxc5 bxa2 17. Nb6 Ba6 18. Re1 Qxd1 19. Rxd1 Rad8 20. Bf4 Rxd1+ 21. Rxd1 Be2 22. Ra1 Bxf3 23. gxf3 Nxe5 24. Kf2 f5 25. Ke2 Nf7 26. Rxa2 e5 27. Bd2 Nd8 28. Bxa5 Ne6 29. Nd7 Rf7 30. Nb8 Nxc5 31. Nxc6 e4 32. f4 Ne6 33. Ke3 Bh6 34. b4 Bxf4+ 35. Ke2 Bxh2 36. c4 f4 37. Bb6 f3+ 38. Kf1 Bg3 39. Nd4 Nxd4 40. Bxd4 Bf4 41. Kf2 g5 42. Be3 g4 43. Bxf4 Rxf4 44. Rd2 e3+ 45. Kxe3 Rxc4 0-1

[Event "December 19 Late 2023"]
[Site "https://www.chess.com"]
[Date "2023.12.19"]
[Round "7"]
[White "Crispin Ferreras, Darvi Abraham"]
[Black "Huang, Youhe"]
[Result "1-0"]
[Board "107"]
[TimeControl "180+1"]
[WhiteFideId "6402771"]
[BlackFideId "2629445"]
[WhiteElo "2149"]
[BlackElo "2006"]
[WhiteTeam "DOM"]
[BlackTeam "CAN"]
[WhiteClock "0:01:19"]
[BlackClock "0:00:04"]

1. e4 e5 2. f4 d5 3. exd5 exf4 4. Nf3 Nf6 5. Nc3 Bb4 6. Bc4 O-O 7. O-O Qd6 8. d4 Bxc3 9. bxc3 Nbd7 10. Ng5 Nxd5 11. Bxd5 Qxd5 12. Bxf4 h6 13. Nf3 Qc4 14. Qd2 Nf6 15. Ne5 Qd5 16. Bxh6 Ne4 17. Qf4 gxh6 18. Qxh6 Qe6 19. Qh4 f5 20. Rae1 Qf6 21. Rxe4 Qxh4 22. Rxh4 Kg7 23. a3 a5 24. Kf2 Ra6 25. Ke3 Rb6 26. Kd2 a4 27. Rhf4 Rb2 28. g4 Ra2 29. gxf5 Kf6 30. h4 Rxa3 31. Ng4+ Kf7 32. Ne3 b5 33. Nd5 c6 34. Nb4 Bd7 35. h5 Rh8 36. Rh4 Rh6 37. Nd3 Kf6 38. Ne5 Be8 39. Ng4+ Kg5 40. Nxh6 Kxh4 41. f6 Bxh5 42. f7 Bxf7 43. Nxf7 Ra2 44. Ne5 c5 45. dxc5 b4 46. cxb4 a3 47. Nc4 Kg3 48. c6 Kg2 49. Re1 Rb2 50. Nxb2 axb2 51. c7 1-0